 Dungeon Crawl Stone Soup version 0.18.1-50-g88ac8fd (webtiles) character file.

302 Gargoyl the Agent of Entropy (level 6, -6/48 HPs)
             Began as a Demonspawn Abyssal Knight on Oct 5, 2016.
             Was a Priest of Lugonu.
             Mangled by an ogre
             ... wielding a +0 giant spiked club
              (16 damage)
             ... on level 5 of the Dungeon on Oct 6, 2016.
             The game lasted 00:08:21 (4891 turns).

Gargoyl the Agent of Entropy (DsAK)                 Turns: 4891, Time: 00:08:21

Health: -6/48      AC: 10    Str: 14    XL:     6   Next: 14%
Magic:  9/9        EV:  9    Int: 14    God:    Lugonu [***...]
Gold:   154        SH:  3    Dex: 12    Spells: 0 memorised, 5 levels left

rFire  . . .     SeeInvis .     a - +1 hand axe
rCold  + . .     Gourm    .     e - +0 scale mail
rNeg   . . .     Faith    +     t - +0 buckler
rPois  .         Spirit   .     (helmet restricted)
rElec  .         Dismiss  .     (no cloak)
rCorr  .         Reflect  .     u - +1 pair of gloves
SustAt .         Harm     .     w - +0 pair of boots
MR     .....                    v - amulet of faith
Stlth  ..........               (no ring)
                                (no ring)

@: not resistant to hostile enchantments, extremely unstealthy
A: antennae 1, cold resistance 1
a: Depart the Abyss, Bend Space, Banish, Renounce Religion


You were on level 5 of the Dungeon.
You worshipped Lugonu.
Lugonu was most pleased with you.
You were not hungry.

You visited 1 branch of the dungeon, and saw 5 of its levels.
You visited the Abyss 1 time.

You collected 217 gold pieces.
You spent 63 gold pieces at shops.

Inventory:

Hand Weapons
 a - a +1 hand axe (weapon)
Armour
 e - a +0 scale mail (worn)
 t - a +0 buckler (worn)
 u - a +1 pair of gloves (worn)
 w - a +0 pair of boots (worn)
Jewellery
 v - an amulet of faith (around neck)
Wands
 p - a wand of paralysis (16/24)
Scrolls
 f - 3 scrolls of identify
 o - a scroll of magic mapping {unknown}
 y - a scroll of teleportation
Potions
 d - 3 potions of flight
 g - a potion of magic {unknown}
 h - a potion of haste {unknown}
 i - a potion of heal wounds {unknown}
 j - a potion of brilliance {unknown}
 k - a potion of beneficial mutation {unknown}
 l - a potion of might
 m - a potion of agility
 r - a potion of resistance {unknown}
 s - a potion of invisibility {unknown}
Comestibles
 b - a royal jelly
 c - a bread ration
 n - 2 fruits
 q - 3 meat rations
 x - a slice of pizza


   Skills:
 + Level 3.8 Fighting
 + Level 2.9 Axes
 * Level 3.3 Armour
 + Level 2.7 Dodging
 * Level 4.2 Invocations


You had 5 spell levels left.
You didn't know any spells.

Dungeon Overview and Level Annotations

Branches:
Dungeon (5/15)
 Temple: D:4-7

Altars:
Fedhas
Makhleb

Shops:
D:5 [


Innate Abilities, Weirdness & Mutations

You have a pair of small antennae on your head.
Your flesh is cold resistant.


Message History

The ogre is no longer paralysed.
The ogre hits you with a giant spiked club!
You hit the ogre.
The ogre is almost dead.
The ogre hits you with a giant spiked club!
You hit the ogre.
The ogre is almost dead.
The ogre misses you.
You barely miss the ogre.
The ogre is almost dead.
You hit the ogre.
The ogre is almost dead.
The ogre hits you with a giant spiked club!
* * * LOW HITPOINT WARNING * * *
Zapping:
p - a wand of paralysis (17/24)
Press: ? - help, Shift-Dir - straight line, f/p - ogre
Aim: an ogre, wielding a giant spiked club (almost dead, chance to defeat MR: 46%)
The ogre resists with some effort.
This wand has 16 charges left.
The ogre hits you with a giant spiked club!
You die...

#.# ##.# ### #.# #...
?.#####.#### #..#
#.#........# ##..#
#.#.###.##.#
##...###.#.##.....#
####..O..##.#.###....###
+......@................
####...#.##.#........###
##.>.....#####.#.##
####.#### #...## #...
#..## #... #.## #...#
#.# ##.## ###.#####
#.......#


You could see an ogre.

Vanquished Creatures
  A scorpion (D:4)
  An orc priest (D:4)
  A centaur skeleton (D:4)
  An orc wizard (D:4)
  A worker ant (D:3)
  4 adders (D:3)
  A shadow imp (D:4)
  4 worms
  4 orcs
  2 giant cockroaches (D:1)
  11 hobgoblins
  13 jackals
  3 quokkas
  3 ball pythons
  10 bats
  6 giant newts
  8 goblins
  7 kobolds
  8 rats
89 creatures vanquished.

Notes
Turn   | Place    | Note
--------------------------------------------------------------
     0 | Abyss:1  | Gargoyl the Demonspawn Abyssal Knight began the quest for the Orb.
     0 | Abyss:1  | Reached XP level 1. HP: 18/18 MP: 2/2
    80 | Abyss:1  | Noticed a raiju
    81 | D:1      | Escaped the Abyss
   241 | D:1      | Reached skill level 1 in Dodging
   299 | D:1      | Reached * piety under Lugonu
   322 | D:1      | Gained mutation: Your flesh is cold resistant. [demonic ancestry]
   322 | D:1      | Reached XP level 2. HP: 24/24 MP: 3/3
   930 | D:2      | Reached XP level 3. HP: 27/29 MP: 5/5
  1162 | D:2      | Reached ** piety under Lugonu
  1762 | D:3      | Reached skill level 3 in Invocations
  1762 | D:3      | Gained mutation: You have a pair of small antennae on your head. [demonic ancestry]
  1762 | D:3      | Reached XP level 4. HP: 8/35 MP: 6/6
  2442 | D:3      | Reached *** piety under Lugonu
  2474 | D:3      | Found a burning altar of Makhleb.
  3035 | D:3      | Reached XP level 5. HP: 29/41 MP: 7/7
  3515 | D:4      | Reached skill level 4 in Invocations
  4208 | D:4      | Reached XP level 6. HP: 39/48 MP: 9/9
  4387 | D:4      | Found a blossoming altar of Fedhas.
  4735 | D:5      | Entered Level 5 of the Dungeon
  4773 | D:5      | Found Vibovo's Armour Shop.
  4781 | D:5      | Bought a +0 buckler for 63 gold pieces
  4891 | D:5      | Mangled by an ogre

Skill      XL: |  1  2  3  4  5 |
---------------+----------------+-----
Dodging        | 1 2 |  2.7
Axes           | 2 |  2.9
Armour         | 2 3 |  3.3
Invocations    | 3 4 |  4.2
Fighting       | |  3.8

Action                   |  1- 3 |  4- 6 || total
-------------------------+-------+-------++-------
Melee: Hand axe          |   153 |   226 ||   379
Invok: Depart the Abyss  |     1 |       ||     1
Evoke: Wand              |       |     2 ||     2
  Use: Potion            |     4 |     3 ||     7
       Scroll            |     1 |     7 ||     8
 Stab: Paralysed         |       |     7 ||     7
  Eat: Chunk             |     3 |     8 ||    11
       Bread ration      |       |     1 ||     1
Armor: Scale mail        |   103 |   107 ||   210
       Skin              |     9 |    18 ||    27
Dodge: Dodged            |   113 |   147 ||   260
